| TOP OF THE 1ST |
|
Appleton Foxes batting - Pitching for Clinton Pilots : LHP Michael Weiermiller
|
|
Pitching: LHP Michael Weiermiller
|
|
|
Batting: LHB Mike Woodard
|
0-0: Called Strike 0-1: Foul Ball, location: 2F 0-2: Ball 1-2: Strikes out looking
|
|
Batting: RHB George Hinshaw
|
0-0: Ball 1-0: Called Strike 1-1: DOUBLE (Line Drive, 7LS, EV 96.3 MPH)
|
|
Batting: RHB Chris Brown
|
0-0: Fly out, F4 (Popup, 4, EV 61.3 MPH)
|
|
Batting: RHB Robert Gilles
|
0-0: Foul Ball, location: 2F 0-1: Ball 1-1: Ball 2-1: Called Strike 2-2: Foul Ball, location: 2F 2-2: Fly out, F8 (Flyball, 78D, EV 87.5 MPH)
|
| Top of the 1st over - 0 runs, 1 hit, 0 errors, 1 left on base; Appleton 0 - Clinton 0 |
| BOTTOM OF THE 1ST |
|
Clinton Pilots batting - Pitching for Appleton Foxes : RHP George DeMaria
|
|
Pitching: RHP George DeMaria
|
|
|
Batting: LHB Roman Dusquesne
|
0-0: Called Strike 0-1: Ball 1-1: Foul Ball, location: 2F 1-2: Ball 2-2: Strikes out looking
|
|
Batting: RHB Tom Riley
|
0-0: Fly out, F8 (Flyball, 78D, EV 73.8 MPH)
|
|
Batting: RHB Bert Pena
|
0-0: Ball 1-0: SINGLE (Line Drive, 34D, EV 105.0 MPH)
|
|
Batting: RHB Abe Rael
|
0-0: Ball 1-0: Ball 2-0: Called Strike 2-1: Ball 3-1: Fly out, F4 (Flyball, 4MD, EV 90.0 MPH)
|
| Bottom of the 1st over - 0 runs, 1 hit, 0 errors, 1 left on base; Appleton 0 - Clinton 0 |
| TOP OF THE 2ND |
|
Appleton Foxes batting - Pitching for Clinton Pilots : LHP Michael Weiermiller
|
|
Batting: RHB Douglas Lulay
|
0-0: Called Strike 0-1: Ball 1-1: Called Strike 1-2: Strikes out swinging
|
|
Batting: SHB Matt Gallegos
|
0-0: Swinging Strike 0-1: Foul Ball, location: 2F 0-2: Strikes out swinging
|
|
Batting: RHB Victor Mata
|
0-0: Ground out 5-3 (Groundball, 56, EV 109.4 MPH)
|
| Top of the 2nd over - 0 runs, 0 hits, 0 errors, 0 left on base; Appleton 0 - Clinton 0 |
| BOTTOM OF THE 2ND |
|
Clinton Pilots batting - Pitching for Appleton Foxes : RHP George DeMaria
|
|
Batting: RHB Joseph Rietano
|
0-0: Called Strike 0-1: Ball 1-1: Foul Ball, location: 2F 1-2: Ball 2-2: Foul Ball, location: 2F 2-2: Strikes out swinging
|
|
Batting: RHB Alberto Reyes
|
0-0: Ball 1-0: Fly out, F8 (Flyball, 8RM, EV 91.9 MPH)
|
|
Batting: RHB Barry Siebert
|
0-0: Ball 1-0: Ball 2-0: Ball 3-0: Base on Balls
|
|
Batting: LHB Epifano Martinez
|
0-0: Ball Barry Siebert is caught stealing 2nd base 2-6
|
| Bottom of the 2nd over - 0 runs, 0 hits, 0 errors, 0 left on base; Appleton 0 - Clinton 0 |
| TOP OF THE 3RD |
|
Appleton Foxes batting - Pitching for Clinton Pilots : LHP Michael Weiermiller
|
|
Batting: RHB Jeffery Carl
|
0-0: Called Strike 0-1: Foul Ball, location: 2F 0-2: Strikes out swinging
|
|
Batting: RHB Philip Sutton
|
0-0: Ball 1-0: Foul Ball, location: 2F 1-1: Ball 2-1: Ground out U3 (Groundball, 3, EV 109.4 MPH)
|
|
Batting: LHB Mike Woodard
|
0-0: Fly out, F9 (Flyball, 9, EV 85.0 MPH)
|
| Top of the 3rd over - 0 runs, 0 hits, 0 errors, 0 left on base; Appleton 0 - Clinton 0 |
| BOTTOM OF THE 3RD |
|
Clinton Pilots batting - Pitching for Appleton Foxes : RHP George DeMaria
|
|
Batting: LHB Epifano Martinez
|
0-0: Fly out, F9 (Flyball, 9LD, EV 80.0 MPH)
|
|
Batting: RHB Donn Koch
|
0-0: Ball 1-0: Fly out, F9 (Flyball, 89M, EV 90.0 MPH)
|
|
Batting: LHB Roman Dusquesne
|
0-0: Ball 1-0: Ground out 6-3 (Groundball, 6, EV 88.1 MPH)
|
| Bottom of the 3rd over - 0 runs, 0 hits, 0 errors, 0 left on base; Appleton 0 - Clinton 0 |
| TOP OF THE 4TH |
|
Appleton Foxes batting - Pitching for Clinton Pilots : LHP Michael Weiermiller
|
|
Batting: RHB George Hinshaw
|
0-0: Ball 1-0: Foul Ball, location: 2F 1-1: Ball 2-1: Swinging Strike 2-2: Strikes out swinging
|
|
Batting: RHB Chris Brown
|
0-0: Fly out, F8 (Flyball, 78M, EV 90.6 MPH)
|
|
Batting: RHB Robert Gilles
|
0-0: Ball 1-0: Foul Ball, location: 2F 1-1: Swinging Strike 1-2: Ball 2-2: Fly out, F8 (Flyball, 8LM, EV 84.4 MPH)
|
| Top of the 4th over - 0 runs, 0 hits, 0 errors, 0 left on base; Appleton 0 - Clinton 0 |
| BOTTOM OF THE 4TH |
|
Clinton Pilots batting - Pitching for Appleton Foxes : RHP George DeMaria
|
|
Batting: RHB Tom Riley
|
0-0: Ball 1-0: Called Strike 1-1: Ball 2-1: SINGLE (Flyball, 8LS, EV 98.1 MPH)
|
|
Batting: RHB Bert Pena
|
0-0: Ball 1-0: Foul Ball, location: 2F 1-1: Ball 2-1: Ball 3-1: 2-RUN HOME RUN (Flyball, 7LD, EV 99.4 MPH), Distance : 347 ft
|
|
Batting: RHB Abe Rael
|
0-0: Called Strike 0-1: Ball 1-1: Called Strike 1-2: Ball 2-2: Foul Ball, location: 2F 2-2: Foul Ball, location: 2F 2-2: Ball 3-2: Reached on error, E5 (Groundball, 5L, EV 103.1 MPH)
|
|
Batting: RHB Joseph Rietano
|
0-0: Reached on error, E9 (Flyball, 9, EV 78.8 MPH) Abe Rael to third
|
|
Batting: RHB Alberto Reyes
|
0-0: Called Strike 0-1: Ball 1-1: Swinging Strike 1-2: Ball 2-2: Ball 3-2: Base on Balls Joseph Rietano to second
|
|
Batting: RHB Barry Siebert
|
0-0: Called Strike 0-1: Foul Ball, location: 2F 0-2: Strikes out looking
|
|
Batting: LHB Epifano Martinez
|
0-0: Fielders Choice at 2nd, 6-4 (Groundball, 6M, EV 99.4 MPH) Abe Rael scores Joseph Rietano to third
|
|
Batting: RHB Donn Koch
|
0-0: Ball 1-0: Foul Ball, location: 2F 1-1: Ball 2-1: Ball 3-1: Called Strike 3-2: Foul Ball, location: 2F 3-2: Fly out, F8 (Flyball, 89M, EV 95.6 MPH)
|
| Bottom of the 4th over - 3 runs, 2 hits, 2 errors, 2 left on base; Appleton 0 - Clinton 3 |
| TOP OF THE 5TH |
|
Appleton Foxes batting - Pitching for Clinton Pilots : LHP Michael Weiermiller
|
|
Batting: RHB Douglas Lulay
|
0-0: Ball 1-0: Swinging Strike 1-1: Ball 2-1: Ball 3-1: Base on Balls
|
|
Batting: SHB Matt Gallegos
|
0-0: Ball 1-0: Ball 2-0: Bunted foul 2-1: Sac Bunt to 25 - play at first, batter OUT! 5-4 Douglas Lulay to second
|
|
Batting: RHB Victor Mata
|
0-0: Ball 1-0: Ground out 6-3 (Groundball, 6S, EV 68.1 MPH) Douglas Lulay to third
|
|
Batting: RHB Jeffery Carl
|
0-0: Ground out 6-3 (Groundball, 6, EV 96.3 MPH)
|
| Top of the 5th over - 0 runs, 0 hits, 0 errors, 1 left on base; Appleton 0 - Clinton 3 |
| BOTTOM OF THE 5TH |
|
Clinton Pilots batting - Pitching for Appleton Foxes : RHP George DeMaria
|
|
Batting: LHB Roman Dusquesne
|
0-0: Fly out, F6 (Flyball, 56D, EV 84.4 MPH)
|
|
Batting: RHB Tom Riley
|
0-0: Ball 1-0: Foul Ball, location: 2F 1-1: Ball 2-1: Ball 3-1: Base on Balls
|
|
Batting: RHB Bert Pena
|
0-0: Called Strike 0-1: Fly out, F6 (Line Drive, 6, EV 65.0 MPH)
|
|
Batting: RHB Abe Rael
|
0-0: Ball 1-0: Ball 2-0: Called Strike 2-1: Ball 3-1: Fly out, F8 (Flyball, 78D, EV 80.0 MPH)
|
| Bottom of the 5th over - 0 runs, 0 hits, 0 errors, 1 left on base; Appleton 0 - Clinton 3 |
| TOP OF THE 6TH |
|
Appleton Foxes batting - Pitching for Clinton Pilots : LHP Michael Weiermiller
|
|
Batting: RHB Philip Sutton
|
0-0: Swinging Strike 0-1: Ball 1-1: Swinging Strike 1-2: Ground out 4-3 (Groundball, 4, EV 103.1 MPH)
|
|
Batting: LHB Mike Woodard
|
0-0: Ball 1-0: Called Strike 1-1: Foul Ball, location: 2F 1-2: Strikes out swinging
|
|
Batting: RHB George Hinshaw
|
0-0: Ball 1-0: Foul Ball, location: 2F 1-1: Swinging Strike 1-2: Ball 2-2: Foul Ball, location: 2F 2-2: Ball 3-2: SINGLE (Groundball, 34D, EV 101.3 MPH)
|
|
Batting: RHB Chris Brown
|
0-0: Ball George Hinshaw steals 2nd base 1-0: Ball 2-0: Called Strike 2-1: Ground out 5-3 (Groundball, 56S, EV 69.4 MPH)
|
| Top of the 6th over - 0 runs, 1 hit, 0 errors, 1 left on base; Appleton 0 - Clinton 3 |
| BOTTOM OF THE 6TH |
|
Clinton Pilots batting - Pitching for Appleton Foxes : RHP George DeMaria
|
|
Batting: RHB Joseph Rietano
|
0-0: Ball 1-0: Ball 2-0: Swinging Strike 2-1: Ball 3-1: Base on Balls
|
|
Batting: RHB Alberto Reyes
|
0-0: Sac Bunt to 25 - play at first, batter OUT! 5-3 Joseph Rietano to second
|
|
Batting: RHB Barry Siebert
|
0-0: Swinging Strike 0-1: Ball 1-1: Foul Ball, location: 2F 1-2: Ball 2-2: Foul Ball, location: 2F 2-2: Ball 3-2: Foul Ball, location: 2F 3-2: Base on Balls
|
|
Batting: LHB Epifano Martinez
|
0-0: Ball 1-0: Ball 2-0: Foul Ball, location: 2F 2-1: Reached on error, E5 (Groundball, 56, EV 83.1 MPH) Joseph Rietano to third Barry Siebert to second
|
|
Batting: RHB Donn Koch
|
0-0: Ball 1-0: Ball 2-0: Ball 3-0: Base on Balls Joseph Rietano scores Barry Siebert to third Epifano Martinez to second
|
|
Batting: LHB Roman Dusquesne
|
0-0: Ball 1-0: Called Strike 1-1: Foul Ball, location: 2F 1-2: Foul Ball, location: 2F 1-2: Ball 2-2: Ball 3-2: Base on Balls Barry Siebert scores Epifano Martinez to third Donn Koch to second
|
|
Pitching: RHP Gary Frank
|
|
|
Batting: RHB Tom Riley
|
0-0: Ball 1-0: Foul Ball, location: 2F 1-1: Ball 2-1: Ball 3-1: Called Strike 3-2: Fly out, F9 (Flyball, 89S, EV 75.6 MPH)
|
|
Batting: RHB Bert Pena
|
0-0: Swinging Strike 0-1: Ball 1-1: Called Strike 1-2: Strikes out swinging
|
| Bottom of the 6th over - 2 runs, 0 hits, 1 error, 3 left on base; Appleton 0 - Clinton 5 |
| TOP OF THE 7TH |
|
Appleton Foxes batting - Pitching for Clinton Pilots : LHP Michael Weiermiller
|
|
Batting: RHB Robert Gilles
|
0-0: Ball 1-0: Called Strike 1-1: Ball 2-1: Ball 3-1: Base on Balls
|
|
Batting: RHB Douglas Lulay
|
0-0: Called Strike 0-1: Foul Ball, location: 2F 0-2: Ball 1-2: Fly out, F3 (Popup, 3, EV 67.5 MPH)
|
|
Batting: SHB Matt Gallegos
|
0-0: Ball 1-0: Foul Ball, location: 2F 1-1: Ball 2-1: SINGLE (Line Drive, 78S, EV 91.3 MPH) Robert Gilles to second Throwing error, E7 Robert Gilles scores Matt Gallegos to second
|
|
Batting: RHB Victor Mata
|
0-0: Ball 1-0: Foul Ball, location: 2F 1-1: Fly out, F3 (Popup, 3, EV 75.6 MPH)
|
|
Batting: RHB Jeffery Carl
|
0-0: Called Strike 0-1: Ball 1-1: Fly out, F9 (Flyball, 89M, EV 84.4 MPH)
|
| Top of the 7th over - 1 run, 1 hit, 1 error, 1 left on base; Appleton 1 - Clinton 5 |
| BOTTOM OF THE 7TH |
|
Clinton Pilots batting - Pitching for Appleton Foxes : RHP Gary Frank
|
|
Batting: RHB Abe Rael
|
0-0: Foul Ball, location: 2F 0-1: Foul Ball, location: 2F 0-2: Ball 1-2: Foul Ball, location: 2F 1-2: Strikes out swinging
|
|
Batting: RHB Joseph Rietano
|
0-0: Ball 1-0: Ball 2-0: Foul Ball, location: 2F 2-1: SINGLE (Line Drive, 7S, EV 109.4 MPH)
|
|
Batting: RHB Alberto Reyes
|
0-0: Called Strike 0-1: Ball 1-1: Swinging Strike 1-2: Ball 2-2: SINGLE (Line Drive, 8LS, EV 99.4 MPH) Joseph Rietano to second
|
|
Batting: RHB Barry Siebert
|
0-0: Called Strike 0-1: Ball 1-1: Foul Ball, location: 2F 1-2: Ball 2-2: Strikes out swinging
|
|
Batting: LHB Epifano Martinez
|
0-0: Ball 1-0: Called Strike 1-1: Ball 2-1: Foul Ball, location: 2F 2-2: Ball 3-2: Ground out 3-1 (Groundball, 34, EV 86.3 MPH)
|
| Bottom of the 7th over - 0 runs, 2 hits, 0 errors, 2 left on base; Appleton 1 - Clinton 5 |
| TOP OF THE 8TH |
|
Appleton Foxes batting - Pitching for Clinton Pilots : LHP Michael Weiermiller
|
|
Batting: RHB Philip Sutton
|
0-0: Foul Ball, location: 2F 0-1: Ball 1-1: Ball 2-1: Foul Ball, location: 2F 2-2: Foul Ball, location: 2F 2-2: Ball 3-2: Ground out 5-3 (Groundball, 56S, EV 81.3 MPH)
|
|
Batting: LHB Mike Woodard
|
0-0: Ball 1-0: Called Strike 1-1: SINGLE (Flyball, 8LS, EV 95.6 MPH)
|
|
Batting: RHB George Hinshaw
|
0-0: Ball 1-0: Foul Ball, location: 2F 1-1: Foul Ball, location: 2F 1-2: Foul Ball, location: 2F 1-2: Foul Ball, location: 2F 1-2: DOUBLE (Flyball, 89XD, EV 105.0 MPH) Mike Woodard to third Runner from 3rd tries for Home, SAFE, no throw by RF
|
|
Batting: RHB Chris Brown
|
0-0: Ball 1-0: Called Strike 1-1: Ball 2-1: Fly out, F8 (Line Drive, 8RD, EV 101.3 MPH)
|
|
Batting: RHB Robert Gilles
|
0-0: Ball 1-0: Ball 2-0: Ball 3-0: Base on Balls
|
|
Batting: RHB Douglas Lulay
|
0-0: Ball 1-0: Foul Ball, location: 2F 1-1: Fly out, F9 (Flyball, 9LM, EV 87.5 MPH)
|
| Top of the 8th over - 1 run, 2 hits, 0 errors, 2 left on base; Appleton 2 - Clinton 5 |
| BOTTOM OF THE 8TH |
|
Clinton Pilots batting - Pitching for Appleton Foxes : RHP Gary Frank
|
|
Batting: RHB Donn Koch
|
0-0: Called Strike 0-1: Fly out, F4 (Popup, 23, EV 79.4 MPH)
|
|
Batting: LHB Roman Dusquesne
|
0-0: Foul Ball, location: 2F 0-1: Called Strike 0-2: Ball 1-2: Ball 2-2: Strikes out swinging
|
|
Batting: RHB Tom Riley
|
0-0: Ball 1-0: Ball 2-0: Called Strike 2-1: Called Strike 2-2: Fly out, F3 (Line Drive, 3, EV 68.8 MPH)
|
| Bottom of the 8th over - 0 runs, 0 hits, 0 errors, 0 left on base; Appleton 2 - Clinton 5 |
| TOP OF THE 9TH |
|
Appleton Foxes batting - Pitching for Clinton Pilots : LHP Michael Weiermiller
|
|
Pitching: RHP Greg Mize
|
|
|
Batting: SHB Matt Gallegos
|
0-0: Foul Ball, location: 2F 0-1: Ball 1-1: Called Strike 1-2: Ball 2-2: Fly out, F9 (Flyball, 9S, EV 93.1 MPH)
|
|
Batting: RHB Victor Mata
|
0-0: Called Strike 0-1: Foul Ball, location: 2F 0-2: Ball 1-2: Strikes out swinging
|
|
Batting: RHB Jeffery Carl
|
0-0: Ball 1-0: Swinging Strike 1-1: Foul Ball, location: 2F 1-2: Strikes out swinging
|
| Top of the 9th over - 0 runs, 0 hits, 0 errors, 0 left on base; Appleton 2 - Clinton 5 |
|